 Dungeon Crawl Stone Soup version 0.18-a0-1764-gf4ddf0b (webtiles) character file.

30 Zleub the Shooter (level 3, -4/29 HPs)
             Began as a Centaur Hunter on Apr 13, 2016.
             Killed from afar by Sigmund (11 damage)
             ... with a magic dart
             ... on level 2 of the Dungeon.
             The game lasted 00:10:57 (1293 turns).

Zleub the Shooter (Centaur Hunter)                  Turns: 1293, Time: 00:10:57

Health: -4/29      AC:  4    Str: 16    XL:     3   Next: 3%
Magic:  3/3        EV:  9    Int: 10    God:
Gold:   38         SH:  0    Dex: 10    Spells: 0 memorised, 2 levels left

rFire  . . .     SeeInvis .     a - +2 shortbow
rCold  . . .     Gourm    .     c - +0 leather armour
rNeg   . . .     Faith    .     (shield currently unavailable)
rPois  .         Spirit   .     (helmet restricted)
rElec  .         Dismiss  .     (no cloak)
rCorr  .         Reflect  .     (no gloves)
SustAt .         Harm     .     (no barding)
MR     .....                    (no amulet)
Stlth  +.........               (no ring)
                                (no ring)

@: very quick, not resistant to hostile enchantments, very unstealthy
A: hooves 3, horns 1, deformed body, speed 2, strong 1, tough skin 3, MP-powered
wands
a: no special abilities


You were on level 2 of the Dungeon.
You were not hungry.

You visited 1 branch of the dungeon, and saw 2 of its levels.

You collected 38 gold pieces.

Inventory:

Hand Weapons
 a - a +2 shortbow (weapon)
 b - a +0 short sword
Missiles
 d - 26 arrows (quivered)
Armour
 c - a +0 leather armour (worn)
Scrolls
 e - 2 scrolls of enchant weapon
Comestibles
 f - a bread ration
 g - a royal jelly
 h - a chunk of flesh


   Skills:
 + Level 2.1 Fighting
 + Level 6.3 Bows
 + Level 0.1 Armour
 + Level 1.5 Dodging
 + Level 0.5 Stealth


You had 2 spell levels left.
You didn't know any spells.

Dungeon Overview and Level Annotations

Branches:
Dungeon (2/15)

Altars:

Annotations:
D:2 Sigmund


Innate Abilities, Weirdness & Mutations

You have hooves in place of feet.
Armour fits poorly on your strangely shaped body.
You cover ground very quickly.
You have extremely tough skin (AC +3).
You have a pair of small horns on your head.
Your muscles are strong. (Str +2)
You expend magic power (3 MP) to strengthen your wands.


Message History

You shoot an arrow.
A puff of flame appears from out of thin air!
The puff of flame hits you!
You bump into the rock wall.
You bump into the rock wall.
You bump into the rock wall.
You feel less confused. Something hits you.
Found a potion of curing.
A puff of flame appears from out of thin air!
The puff of flame misses you.
Found a ring mail.
Found a stone staircase leading down.
A puff of flame appears from out of thin air!
The puff of flame hits you!
* * * LOW HITPOINT WARNING * * *
Found 19 sling bullets.
A magic dart appears from out of thin air!
The magic dart hits you!
You die...

#..# ### #.. .(. #..
..# #.# ... #.##.#
###....# ##......#
##...@####
############...[..>.#
(($(....(....|......#
############........#
........#...
#####.[.###### #####


There were no monsters in sight!

Vanquished Creatures
  2 dart slugs (D:1)
  4 giant geckos (D:1)
  2 goblins (D:1)
  3 hobgoblins (D:1)
  4 bats
  A giant newt (D:1)
  4 kobolds (D:1)
  A rat (D:1)
21 creatures vanquished.

Notes
Turn   | Place    | Note
--------------------------------------------------------------
     0 | D:1      | Zleub the Centaur Hunter began the quest for the Orb.
     0 | D:1      | Reached XP level 1. HP: 17/17 MP: 1/1
   506 | D:1      | Reached XP level 2. HP: 24/24 MP: 2/2
   676 | D:1      | Reached skill level 6 in Bows
  1068 | D:1      | Reached XP level 3. HP: 29/29 MP: 3/3
  1147 | D:2      | Gained mutation: You have a pair of small horns on your head. [potion of mutation]
  1147 | D:2      | Gained mutation: You expend magic power (3 MP) to strengthen your wands. [potion of mutation]
  1147 | D:2      | Gained mutation: Your muscles are strong. (Str +2) [potion of mutation]
  1253 | D:2      | Noticed Sigmund
  1293 | D:2      | Killed from afar by Sigmund

Vault maps used:
D:1:      evilmike_arrival_home_sweet_home
D:2:      first_bread, st_stairs_5, uniq_sigmund

Skill      XL: |  1  2 |
---------------+-------+-----
Bows           | 6 |  6.3
Fighting       | |  2.1
Armour         | |  0.1
Dodging        | |  1.5
Stealth        | |  0.5

Action                   || total
-------------------------++-------
 Fire: Shortbow          ||    69
  Use: Potion            ||     7
       Scroll            ||     3
Armor: Leather armour    ||    13
Dodge: Dodged            ||    21
